 Dungeon Crawl Stone Soup version 0.21.1-1-g345015f (webtiles) character file.

35 tidbits the Grave Robber (level 3, -4/25 HPs)
             Began as a Gnoll Necromancer on June 13, 2018.
             Killed from afar by an orc wizard (10 damage)
             ... with a puff of frost
             ... on level 3 of the Dungeon.
             The game lasted 00:04:48 (333 turns).

tidbits the Grave Robber (Gnoll Necromancer)         Turns: 333, Time: 00:04:49

Health: -4/25      AC:  2    Str:  7 (10) XL:     3   Next: 35%
Magic:  0/9        EV: 22    Int: 15 (18) God:
Gold:   93         SH:  0    Dex: 19 (20) Spells: 4/12 levels left

rFire    . . .     SeeInvis .   j - +0 dagger
rCold    . . .     Gourm    .   (no shield)
rNeg     . . .     Faith    .   a - +0 robe
rPois    .         Spirit   .   (no helmet)
rElec    +         Reflect  .   (no cloak)
rCorr    .         Harm     .   (no gloves)
MR       .....                  (no boots)
Stlth    ++++......             (no amulet)
HPRegen  0.08/turn              (no ring)
MPRegen  0.11/turn              (no ring)

@: agile
A: distributed training, fangs 1, repulsion field 1, electricity resistance,
strong nose
a: no special abilities


You were on level 3 of the Dungeon.
You were not hungry.

You visited 1 branch of the dungeon, and saw 4 of its levels.

You collected 93 gold pieces.

Inventory:

Hand Weapons
 j - a +0 dagger (weapon)
 m - a +0 hunting sling
Missiles
 l - 49 stones (quivered)
Armour
 a - a +0 robe (worn)
Scrolls
 f - a scroll of immolation {unknown}
 i - a scroll of identify {unknown}
Books
 b - a book of Necromancy

   Spells                             Type                      Level
   a - Pain                           Necromancy                   1
   b - Animate Skeleton               Necromancy                   1
   c - Vampiric Draining              Necromancy                   3
   d - Regeneration                   Charms/Necromancy            3
   e - Animate Dead                   Necromancy                   4
   f - Borgnjor's Vile Clutch         Necromancy/Earth             5
Comestibles
 c - a ration


   Skills:
 + Level 0.7 Fighting
 + Level 0.7 Short Blades
 + Level 0.7 Long Blades
 + Level 0.7 Axes
 + Level 0.7 Maces & Flails
 + Level 0.7 Polearms
 + Level 0.7 Staves
 + Level 0.7 Slings
 + Level 0.7 Bows
 + Level 0.7 Crossbows
 + Level 0.7 Throwing
 + Level 0.7 Armour
 + Level 4.5 Dodging
 + Level 4.1 Stealth
 + Level 0.7 Shields
 + Level 0.7 Unarmed Combat
 + Level 5.0 Spellcasting
 + Level 0.5 Conjurations
 + Level 0.5 Hexes
 + Level 0.5 Charms
 + Level 0.5 Summonings
 + Level 7.1 Necromancy
 + Level 0.5 Translocations
 + Level 0.5 Transmutations
 + Level 0.5 Fire Magic
 + Level 0.5 Ice Magic
 + Level 0.5 Air Magic
 + Level 0.5 Earth Magic
 + Level 0.5 Poison Magic
 + Level 0.9 Invocations
 + Level 0.7 Evocations


You had 4 spell levels left.
You knew the following spells:

 Your Spells              Type           Power        Failure   Level  Hunger
a - Pain                  Necr           ####         1%          1    None
d - Vampiric Draining     Necr           ####......   2%          3    ###....
n - Animate Skeleton      Necr           N/A          1%          1    None
r - Regeneration          Chrm/Necr      ###.......   10%         3    ###....


Dungeon Overview and Level Annotations

Branches:
Dungeon (4/15)
 Temple: D:4-7

Altars:

Annotations:
D:4 Dowan


Innate Abilities, Weirdness & Mutations

Your experience applies equally to all skills.
You have very sharp teeth.
Your uncanny sense of smell can sniff out nearby items.
You are surrounded by a mild repulsion field. (EV +2)
You are resistant to electric shocks. (rElec)


Message History

Okay, then.
It was a potion of mutation.
You feel extremely strange.
You begin to radiate repulsive energy.
You feel insulated.
It was a potion of heal wounds.
You feel much better. The orc closely misses you.
You barely miss the orc.
The orc is heavily wounded.
The orc completely misses you.
Casting: Pain
Confirm with . or Enter, or press ? or * to list all spells.
Aiming: Pain
Press: ? - help, Shift-Dir - straight line, f/p - orc
Aim: an orc, wielding an enchanted war axe and wearing an embroidered robe (heavily wounded, chance to defeat MR: 93%)
The orc writhes in agony!
The orc hits you with an enchanted war axe!
You hit the orc but do no damage.
The orc is almost dead.
The orc misses you.
You hit the orc.
You kill the orc!
You barely miss the orc. The orc misses you.
You hit the orc.
The orc is lightly wounded.
The orc hits you with a short sword.
You barely miss the orc.
The orc is lightly wounded.
You hit the orc but do no damage.
The orc is lightly wounded.
The orc barely misses you.
Casting: Pain
Confirm with . or Enter, or press ? or * to list all spells.
Aiming: Pain
Press: ? - help, Shift-Dir - straight line, f - orc
Aim: an orc, wielding a short sword (lightly wounded, chance to defeat MR: 93%)
The orc writhes in agony!
The orc misses you.
You hit the orc but do no damage.
The orc is moderately wounded.
The orc hits you with a short sword.
* * * LOW HITPOINT WARNING * * *
You closely miss the orc.
The orc is moderately wounded.
The orc hits you with a short sword.
* * * LOW HITPOINT WARNING * * *
You barely miss the orc. You bite the orc, but do no damage.
The orc is moderately wounded.
The orc barely misses you.
You hit the orc. Your bite misses the orc.
The orc is moderately wounded.
The orc closely misses you.
You barely miss the orc.
The orc is lightly wounded.
The orc misses you.
You hit the orc but do no damage.
The orc is lightly wounded.
The orc closely misses you.
You closely miss the orc.
The orc is lightly wounded.
The orc barely misses you.
You hit the orc.
The orc is moderately wounded.
The orc misses you.
You hit the orc.
The orc is heavily wounded.
Casting: Pain
Confirm with . or Enter, or press ? or * to list all spells.
Aiming: Pain
Press: ? - help, Shift-Dir - straight line, f/p - orc
Aim: an orc, wielding a short sword (heavily wounded, chance to defeat MR: 93%)
The orc wizard writhes in agony!
You aren't carrying any potions.
Unknown command.
Okay, then.
Throwing (i - inventory):
l - 49 stones (quivered)
Press: ? - help, Shift-Dir - straight line, f/p - orc
Aim: an orc, wielding a short sword (heavily wounded)
Okay, then.
Casting: Pain
Confirm with . or Enter, or press ? or * to list all spells.
You don't have enough magic to cast that spell.
You barely miss the orc wizard.
The orc wizard is moderately wounded.
The orc wizard closely misses you.
You hit the orc wizard.
You bite the orc wizard, but do no damage.
The orc wizard is heavily wounded.
The orc wizard misses you.
You hit the orc wizard.
The orc wizard is heavily wounded.
The orc wizard completely misses you.
You hit the orc wizard but do no damage.
The orc wizard is heavily wounded.
The orc wizard hits you but does no damage.
You barely miss the orc wizard.
The orc wizard is heavily wounded.
The orc wizard closely misses you.
You barely miss the orc wizard.
The orc wizard is heavily wounded.
The orc wizard casts a spell at you. The puff of frost hits you!
You die...

########################
.......(........†.......
#@#.....#....)#### .
#o#.....#.....# oo
#o#..)..#.....# #.
#.....###.....# #.
#.....# #.....#
#.####.....# #######
#..........#
##.........# #.........#


You could see an orc wizard and an orc.

Vanquished Creatures
  An adder (D:2)
  4 orcs (D:3)
  A giant cockroach (D:2)
  4 goblins
  3 hobgoblins (D:1)
  2 jackals (D:3)
  2 bats
  2 frilled lizards (D:1)
  A rat (D:1)
20 creatures vanquished.

Notes
Turn   | Place    | Note
-------+----------+-------------------------------------------
     0 | D:1      | tidbits the Gnoll Necromancer began the quest for the Orb.
     0 | D:1      | Reached XP level 1. HP: 13/13 MP: 6/6
   107 | D:1      | Reached XP level 2. HP: 9/19 MP: 2/7
   223 | D:4      | Noticed Dowan
   242 | D:3      | Learned a level 1 spell: Animate Skeleton
   244 | D:3      | Reached XP level 3. HP: 8/25 MP: 6/9
   251 | D:3      | Learned a level 3 spell: Vampiric Draining
   251 | D:3      | Reached skill level 5 in Spellcasting
   256 | D:3      | Learned a level 3 spell: Regeneration
   307 | D:3      | Gained mutation: You are surrounded by a mild repulsion field. (EV +2) [potion of mutation]
   307 | D:3      | Gained mutation: You are resistant to electric shocks. (rElec) [potion of mutation]
   333 | D:3      | Killed from afar by an orc wizard

Skill      XL: |  1  2  3 |
---------------+----------+-----
Spellcasting   | 5 |  5.0
Fighting       | |  0.7
Short Blades   | |  0.7
Long Blades    | |  0.7
Axes           | |  0.7
Maces & Flails | |  0.7
Polearms       | |  0.7
Staves         | |  0.7
Slings         | |  0.7
Bows           | |  0.7
Crossbows      | |  0.7
Throwing       | |  0.7
Armour         | |  0.7
Dodging        | |  4.5
Stealth        | |  4.1
Shields        | |  0.7
Unarmed Combat | |  0.7
Conjurations   | |  0.5
Hexes          | |  0.5
Charms         | |  0.5
Summonings     | |  0.5
Necromancy     | |  7.1
Translocations | |  0.5
Transmutations | |  0.5
Fire Magic     | |  0.5
Ice Magic      | |  0.5
Air Magic      | |  0.5
Earth Magic    | |  0.5
Poison Magic   | |  0.5
Invocations    | |  0.9
Evocations     | |  0.7

Action                   || total
-------------------------++-------
Melee: Dagger            ||    26
       Bite              ||     2
 Cast: Pain              ||    35
  Use: Potion            ||     6
 Stab: Sleeping          ||     1
Armor: Robe              ||     1
Dodge: Dodged            ||    24

Table legend:
 A = Turns spent in this place as a percentage of turns spent in the entire game.
 B = Non-inter-level travel turns spent in this place as a percentage of non-inter-level travel turns spent in the entire game.
 C = Inter-level travel turns spent in this place as a percentage of turns spent in this place.
 D = Turns resting spent in this place as a percentage of non-inter-level travel turns spent in this place.
 E = Turns spent auto-exploring this place as a percentage of non-inter-level travel turns spent in this place.
 F = Non-inter-level travel turns spent in this place divided by the number of levels of this place that you've seen.
                   A       B       C       D       E      F
               +-------+-------+-------+-------+-------+----------------------
         Total | 100.0 | 100.0 |   0.0 |   0.0 |   0.0 |  83.2
       Dungeon | 100.0 | 100.0 |   0.0 |   0.0 |   0.0 |  83.2
               +-------+-------+-------+-------+-------+----------------------

Table legend:
 A = Kills in this place as a percentage of kills in entire the game.
 B = Kills by you in this place as a percentage of kills by you in the entire game.
 C = Kills by friends in this place as a percentage of kills by friends in the entire game.
 D = Other kills in this place as a percentage of other kills in the entire game.
 E = Experience gained in this place as a percentage of experience gained in the entire game.
 F = Experience gained in this place divided by the number of levels of this place that you have seen.
                   A       B       C       D       E      F
               +-------+-------+-------+-------+-------+----------------------
         Total | 100.0 | 100.0 |   N/A |   N/A | 100.0 |  12.8
       Dungeon | 100.0 | 100.0 |   N/A |   N/A | 100.0 |  12.8
               +-------+-------+-------+-------+-------+----------------------

Vault maps used:
D:1:      dpeg_arrival_ternary, hangedman_decor_clover_reticule,
          minmay_misc_feat_more_columns
D:2:      uniq_natasha, uniq_terence
D:4:      first_ration, uniq_duvessa
